Los Angeles Kings vs New York Rangers

Created - Wednesday, November 12, 2025 at 08:10

Goals
1 2 3 T
Los Angeles Kings 2 1 0 3
New York Rangers 0 1 3 4
Shots
1 2 3 T
Los Angeles Kings 21 8 14 43
New York Rangers 12 7 9 28

1st period

1. Los Angeles Kings , Seth Jarvis 36 (MacKenzie Weegar 32, Matthew Boldy 49) at 11:03 (PP)
2. Los Angeles Kings , Logan Cooley 32 (Andrei Kuzmenko 25, MacKenzie Weegar 33) at 13:54 (PP)

Penalties :
Conor Garland (NYR) for Tripping (Minor) at 10:58, Conor Garland (NYR) for Holding (Minor) at 12:57

2nd period

3. Los Angeles Kings , Matthew Boldy 35 (Seth Jarvis 56, Andrei Svechnikov 28) at 1:12
4. New York Rangers , Dylan Strome 30 (Conor Garland 42, Mikael Granlund 55) at 15:28

Penalties :
Ryan Suter (LAK) for Holding (Minor) at 17:09, Jake Walman (NYR) for Tripping (Minor) at 17:49

3rd period

5. New York Rangers , Artemi Panarin 37 (Nathan MacKinnon 58) at 0:04
6. New York Rangers , Artemi Panarin 38 (Dmitry Kulikov 13, Cole Caufield 39) at 7:22
7. New York Rangers , Mikael Granlund 21 (Conor Garland 43) at 7:36

Penalties :
Charlie McAvoy (LAK) for Interference (Minor) at 0:33, Kevin Lankinen (NYR) for Delaying the game (Minor) at 8:14 - Adam Larsson served the penalty

Goalie Stats

Carl Lindbom (LAK), 24 saves from 28 shots - (0.857), L, 9-19-6, 58:47 minutes
Kevin Lankinen (NYR), 40 saves from 43 shots - (0.930), W, 9-5-1, 60:00 minutes

Players Stats for Los Angeles Kings

Player Name              G  A  P  +/- PIM S  H  SB GA TA FO     MP     PP MP  PK MP  
------------------------------------------------------------------------------------
Alex Gallant             0  0  0   0  0   0  2  0  0  0  0/0     9:07   0:00   0:00 
Andrei Kuzmenko          0  1  1  -1  0   3  1  0  1  1  1/1    16:28   2:34   0:00 
Andrei Svechnikov        0  1  1   1  0   4  3  1  0  0  1/2    18:39   1:07   1:29 
Andrew Copp              0  0  0  -3  0   4  1  0  1  1  3/4    14:42   0:07   0:00 
Charlie McAvoy           0  0  0   0  2   1  1  2  0  2  0/0    17:12   0:00   0:00 
Cooper Marody            0  0  0   0  0   0  2  0  1  2  0/0     9:07   0:00   0:00 
Drew Helleson            0  0  0  -2  0   0  1  0  0  0  0/0    21:42   1:57   1:18 
Jakub Zboril             0  0  0  -1  0   0  0  0  0  0  0/0    16:55   0:40   0:00 
Jansen Harkins           0  0  0  -1  0   2  3  0  0  1  3/10   14:49   1:47   0:00 
Joseph Veleno            0  0  0  -3  0   1  3  0  0  0  4/14   14:35   0:00   0:00 
Logan Cooley             1  0  1  -3  0   5  0  1  1  0  1/3    18:18   1:54   1:10 
MacKenzie Weegar         0  2  2  -2  0   0  2  1  0  0  0/0    23:16   2:37   1:18 
Matthew Boldy            1  1  2   1  0   6  3  0  1  2  3/4    19:15   1:47   1:10 
Mikey Eyssimont          0  0  0   0  0   4  2  1  0  0  1/2     9:07   0:00   0:00 
Owen Power               0  0  0  -1  0   3  1  1  0  2  0/0    20:42   1:04   1:21 
Ryan Suter               0  0  0   0  2   3  0  0  0  1  0/0    21:03   1:44   1:21 
Seth Jarvis              1  1  2   1  0   7  0  0  0  0  6/15   18:01   1:07   1:29 
Vitali Kravtsov          0  0  0  -1  0   0  1  0  0  0  0/0    13:02   0:00   0:00 

Players Stats for New York Rangers

Player Name              G  A  P  +/- PIM S  H  SB GA TA FO     MP     PP MP  PK MP  
------------------------------------------------------------------------------------
Adam Larsson             0  0  0   2  0   1  2  1  0  1  0/0    19:30   0:00   0:00 
Artemi Panarin           2  0  2   2  0   2  1  0  0  0  0/3    21:20   1:19   1:41 
Cam Fowler               0  0  0   2  0   2  1  2  0  0  0/0    19:08   0:47   1:47 
Cole Caufield            0  1  1   2  0   1  2  0  1  0  0/2    19:42   1:19   0:14 
Conor Garland            0  2  2   1  4   2  1  0  1  0  0/0    15:03   1:13   0:00 
Dmitry Kulikov           0  1  1   2  0   3  1  3  0  1  0/0    18:45   0:00   2:51 
Dylan Strome             1  0  1   1  0   4  2  0  0  0  10/15  15:05   1:13   0:00 
Eric Robinson            0  0  0   0  0   1  1  0  3  0  0/0     8:41   0:00   0:00 
Jake Walman              0  0  0   2  2   1  0  5  2  0  0/0    21:30   1:51   0:38 
Luke Schenn              0  0  0  -1  0   0  0  2  0  0  0/0    19:25   0:00   0:57 
Marcus Foligno           0  0  0   0  0   0  3  0  0  0  1/1    14:38   0:07   2:01 
Mikael Granlund          1  1  2   1  0   6  2  0  0  0  3/4    19:10   1:52   1:42 
Nathan MacKinnon         0  1  1   2  0   1  3  0  0  0  15/21  20:15   1:26   0:54 
Noel Acciari             0  0  0   0  0   1  2  0  0  1  1/3     9:45   0:00   0:00 
Olli Maatta              0  0  0  -1  0   0  1  0  1  1  0/0    19:10   0:00   1:09 
Teuvo Teravainen         0  0  0   0  0   1  0  0  1  1  2/5    11:53   0:47   0:00 
Timo Meier               0  0  0   0  0   0  3  0  2  0  0/1    13:09   1:13   0:50 
Tyler Motte              0  0  0   0  0   2  2  0  1  0  0/0     8:48   0:07   0:00 

3 Stars

1 - Artemi Panarin (NYR)
2 - Mikael Granlund (NYR)
3 - Matthew Boldy (LAK)

Power Play

Los Angeles Kings - 2 on 4 Attempt(s) - 50.00%
New York Rangers - 0 on 2 Attempt(s) - 0.00%

Penalty Kill

Los Angeles Kings - 2 on 2 Attempt(s) - 100.00% - Score 0 goal in Penalty Kill
New York Rangers - 2 on 4 Attempt(s) - 50.00% - Score 0 goal in Penalty Kill

Team Stat

Los Angeles Kings - Hits : 26 - Faceoff Wins : 23 - Blocked Shots : 7 - Penalty Minutes : 4
New York Rangers - Hits : 27 - Faceoff Wins : 32 - Blocked Shots : 13 - Penalty Minutes : 8

Official

Referees : Michael Markovic and Brandon Schrader
Linesman : Julien Fournier and Libor Suchanek

Game Notes

No Game Note

Finance

Level 1 -- Attendance: 6000 (100.00%) -- Ticket Income $570,000
Level 2 -- Attendance: 3754 (75.08%) -- Ticket Income $225,240
Level 3 -- Attendance: 2100 (70.00%) -- Ticket Income $79,800
Level 4 -- Attendance: 3500 (70.00%) -- Ticket Income $87,500
Luxury Box -- Attendance: 1000 (100.00%) -- Ticket Income $189,000
Game was played at the Madison Square Garden.
Total Attendance: 16354 (81.77%)
Total Ticket Income: $1,151,540
Other Income: $403,039
Total Income: $1,554,579

Los Angeles Kings

5 vs 5 Forward 
   Center                   Left Wing                Right Wing               Time % Phy DF OF 
 1 Seth Jarvis              Matthew Boldy            Andrei Svechnikov        30     1   2  2  
 2 Joseph Veleno            Logan Cooley             Andrew Copp              30     1   2  2  
 3 Jansen Harkins           Andrei Kuzmenko          Vitali Kravtsov          25     1   2  2  
 4 Mikey Eyssimont          Cooper Marody            Alex Gallant             15     1   2  2  

5 vs 5 Defense 
   Defense                  Defense                                           Time % Phy DF OF 
 1 MacKenzie Weegar         Drew Helleson                                     35     1   2  2  
 2 Charlie McAvoy           Ryan Suter                                        35     1   2  2  
 3 Jakub Zboril             Owen Power                                        30     1   2  2  
 4 MacKenzie Weegar         Ryan Suter                                        0      1   2  2  

PowerPlay Forward 
   Center                   Left Wing                Right Wing               Time % Phy DF OF 
 1 Seth Jarvis              Matthew Boldy            Andrei Svechnikov        50     1   2  2  
 2 Andrei Kuzmenko          Logan Cooley             Jansen Harkins           50     1   2  2  

PowerPlay Defense
   Defense                  Defense                                           Time % Phy DF OF 
 1 MacKenzie Weegar         Drew Helleson                                     50     1   2  2  
 2 Owen Power               Ryan Suter                                        50     1   2  2  

Penalty Kill 4 Players Forward 
   Center                   Wing                     Time % Phy DF OF 
 1 Logan Cooley             Matthew Boldy            50     1   2  2  
 2 Andrei Svechnikov        Seth Jarvis              50     1   2  2  

Penalty Kill 4 Players Defense
   Defense                  Defense                  Time % Phy DF OF 
 1 MacKenzie Weegar         Drew Helleson            50     1   2  2  
 2 Owen Power               Ryan Suter               50     1   2  2  

Penalty Kill - 3 Players Forward 
   Forward                                           Time % Phy DF OF 
 1 Andrei Svechnikov                                 50     1   2  2  
 2 Matthew Boldy                                     50     1   2  2  

Penalty Kill - 3 Players Defense
   Defense                  Defense                  Time % Phy DF OF 
 1 MacKenzie Weegar         Drew Helleson            50     1   2  2  
 2 Owen Power               Ryan Suter               50     1   2  2  

4 vs 4 Forward 
   Center                   Wing                     Time % Phy DF OF 
 1 Andrei Kuzmenko          Matthew Boldy            50     1   2  2  
 2 Andrei Svechnikov        Logan Cooley             50     1   2  2  

4 vs 4 Defense
   Defense                  Defense                  Time % Phy DF OF 
 1 MacKenzie Weegar         Charlie McAvoy           50     1   2  2  
 2 Owen Power               Ryan Suter               50     1   2  2  

Last Minutes Offensive
   Center                   Left Wing                Right Wing               Defense                  Defense                  
   Seth Jarvis              Matthew Boldy            Andrei Svechnikov        MacKenzie Weegar         Drew Helleson            

Last Minutes Defensive
   Center                   Left Wing                Right Wing               Defense                  Defense                  
   Seth Jarvis              Matthew Boldy            Andrei Svechnikov        MacKenzie Weegar         Drew Helleson            

Goaltenders
Starting : Carl Lindbom             
Backup : Andrei Vasilevskiy       

Extra Forwards
Normal : Andrei Kuzmenko, Jansen Harkins, Andrei Svechnikov - PP : Andrei Kuzmenko, Jansen Harkins - PK : Matthew Boldy
Extra Defensemen
Normal : MacKenzie Weegar, Owen Power, Ryan Suter - PP : MacKenzie Weegar - PK : Owen Power, MacKenzie Weegar
Penalty Shots
Jansen Harkins, Matthew Boldy, Andrei Svechnikov, Seth Jarvis, Logan Cooley

Scratches
K'Andre Miller (Healthy), Alexander Romanov (Sprained Left Finger Injury), Evander Kane (Bruised Left Foot Injury)

New York Rangers

5 vs 5 Forward 
   Center                   Left Wing                Right Wing               Time % Phy DF OF 
 1 Nathan MacKinnon         Cole Caufield            Artemi Panarin           38     0   2  3  
 2 Dylan Strome             Conor Garland            Mikael Granlund          30     1   1  3  
 3 Teuvo Teravainen         Timo Meier               Marcus Foligno           22     2   1  2  
 4 Noel Acciari             Tyler Motte              Eric Robinson            10     1   3  1  

5 vs 5 Defense 
   Defense                  Defense                                           Time % Phy DF OF 
 1 Jake Walman              Adam Larsson                                      36     1   2  2  
 2 Olli Maatta              Luke Schenn                                       34     1   2  2  
 3 Cam Fowler               Dmitry Kulikov                                    30     1   2  2  
 4 Jake Walman              Adam Larsson                                      0      1   2  2  

PowerPlay Forward 
   Center                   Left Wing                Right Wing               Time % Phy DF OF 
 1 Nathan MacKinnon         Cole Caufield            Artemi Panarin           60     0   1  4  
 2 Dylan Strome             Timo Meier               Conor Garland            40     0   1  4  

PowerPlay Defense
   Defense                  Defense                                           Time % Phy DF OF 
 1 Mikael Granlund          Jake Walman                                       60     1   1  3  
 2 Cam Fowler               Teuvo Teravainen                                  40     1   1  3  

Penalty Kill 4 Players Forward 
   Center                   Wing                     Time % Phy DF OF 
 1 Artemi Panarin           Marcus Foligno           50     1   3  1  
 2 Mikael Granlund          Nathan MacKinnon         50     1   3  1  

Penalty Kill 4 Players Defense
   Defense                  Defense                  Time % Phy DF OF 
 1 Jake Walman              Dmitry Kulikov           50     1   3  1  
 2 Adam Larsson             Olli Maatta              50     1   3  1  

Penalty Kill - 3 Players Forward 
   Forward                                           Time % Phy DF OF 
 1 Noel Acciari                                      50     1   4  0  
 2 Mikael Granlund                                   50     1   4  0  

Penalty Kill - 3 Players Defense
   Defense                  Defense                  Time % Phy DF OF 
 1 Dmitry Kulikov           Jake Walman              50     1   3  1  
 2 Adam Larsson             Olli Maatta              50     1   3  1  

4 vs 4 Forward 
   Center                   Wing                     Time % Phy DF OF 
 1 Nathan MacKinnon         Mikael Granlund          50     1   2  2  
 2 Artemi Panarin           Cole Caufield            50     1   2  2  

4 vs 4 Defense
   Defense                  Defense                  Time % Phy DF OF 
 1 Olli Maatta              Adam Larsson             50     1   2  2  
 2 Jake Walman              Luke Schenn              50     1   2  2  

Last Minutes Offensive
   Center                   Left Wing                Right Wing               Defense                  Defense                  
   Nathan MacKinnon         Cole Caufield            Artemi Panarin           Cam Fowler               Jake Walman              

Last Minutes Defensive
   Center                   Left Wing                Right Wing               Defense                  Defense                  
   Noel Acciari             Mikael Granlund          Marcus Foligno           Jake Walman              Adam Larsson             

Goaltenders
Starting : Kevin Lankinen           
Backup : Igor Shesterkin          

Extra Forwards
Normal : Dylan Strome, Teuvo Teravainen, Mikael Granlund - PP : Dylan Strome, Teuvo Teravainen - PK : Mikael Granlund
Extra Defensemen
Normal : Cam Fowler, Dmitry Kulikov, Jake Walman - PP : Cam Fowler - PK : Dmitry Kulikov, Jake Walman
Penalty Shots
Nathan MacKinnon, Artemi Panarin, Cole Caufield, Mikael Granlund, Teuvo Teravainen

Scratches
Nicolas Hague (Healthy), David Kampf (Healthy)

% Time on Ice - Los Angeles Kings

Lines # - Real PCT - Wanted PCT - Time Play
Normal Forward
1 - 28% - 30% - 14:32
2 - 28% - 30% - 14:35
3 - 25% - 25% - 13:02
4 - 18% - 15% - 9:07
Normal Defense
1 - 35% - 35% - 17:48
2 - 35% - 35% - 17:59
3 - 30% - 30% - 15:29
4 - 0% - 0% - 0:00
PP Forward
1 - 48% - 50% - 1:47
2 - 52% - 50% - 1:54
PP Defense
1 - 53% - 50% - 1:57
2 - 47% - 50% - 1:44
PK Forward
1 - 44% - 50% - 1:10
2 - 56% - 50% - 1:29
PK Defense
1 - 49% - 50% - 1:18
2 - 51% - 50% - 1:21
PK3 Forward
1 - 0% - 50%
2 - 0% - 50%
PK3 Defense
1 - 0% - 50%
2 - 0% - 50%
44 Forward
1 - 52% - 50% - 0:41
2 - 48% - 50% - 0:38
44 Defense
1 - 11% - 50% - 0:09
2 - 89% - 50% - 1:10
Last Minute Offensive  - 1:05
Last Minute Defensive  - 0:00
Total
Forward - 60:00
Defense - 60:00

% Time on Ice - New York Rangers

Lines # - Real PCT - Wanted PCT - Time Play
Normal Forward
1 - 34% - 38% - 17:38
2 - 27% - 30% - 13:52
3 - 22% - 22% - 11:06
4 - 17% - 10% - 8:41
Normal Defense
1 - 35% - 36% - 18:11
2 - 34% - 34% - 17:27
3 - 31% - 30% - 15:39
4 - 0% - 0% - 0:00
PP Forward
1 - 54% - 60% - 1:26
2 - 46% - 40% - 1:13
PP Defense
1 - 70% - 60% - 1:52
2 - 30% - 40% - 0:47
PK Forward
1 - 59% - 50% - 2:11
2 - 41% - 50% - 1:30
PK Defense
1 - 43% - 50% - 1:35
2 - 57% - 50% - 2:06
PK3 Forward
1 - 0% - 50%
2 - 0% - 50%
PK3 Defense
1 - 0% - 50%
2 - 0% - 50%
44 Forward
1 - 47% - 50% - 0:37
2 - 53% - 50% - 0:42
44 Defense
1 - 54% - 50% - 0:43
2 - 46% - 50% - 0:36
Last Minute Offensive  - 0:00
Last Minute Defensive  - 1:04
Total
Forward - 60:00
Defense - 60:00

Play-by-Play

1st period


0:01 of 1st period - Andrei Svechnikov wins face-off versus Cole Caufield in neutral zone.
0:57 of 1st period - Snap shot by Tyler Motte.
0:57 of 1st period - Stopped by Carl Lindbom with a rebound.
0:59 of 1st period - Wrist shot by Noel Acciari.
0:59 of 1st period - Stopped by Carl Lindbom with a rebound.
1:09 of 1st period - Teuvo Teravainen is hit by Alex Gallant and loses puck.
1:40 of 1st period - Snap shot by Seth Jarvis.
1:40 of 1st period - Shot Misses the Net.
2:42 of 1st period - Snap shot by Tyler Motte.
2:42 of 1st period - Shot Blocked by Mikey Eyssimont.
2:48 of 1st period - Snap shot by Eric Robinson.
2:48 of 1st period - Shot Misses the Net.
3:04 of 1st period - Wrist shot by Andrei Svechnikov.
3:04 of 1st period - Shot Misses the Net.
3:06 of 1st period - Wrist shot by Matthew Boldy.
3:06 of 1st period - Stopped by Kevin Lankinen without a rebound.
3:07 of 1st period - Jansen Harkins wins face-off versus Dylan Strome in New York Rangers zone.
3:39 of 1st period - Cam Fowler is hit by Jansen Harkins and loses puck.
3:48 of 1st period - Wrist shot by Mikael Granlund.
3:48 of 1st period - Stopped by Carl Lindbom with a rebound.
3:50 of 1st period - Snap shot by Cam Fowler.
3:50 of 1st period - Stopped by Carl Lindbom with a rebound.
3:52 of 1st period - Slapshot by Dmitry Kulikov.
3:52 of 1st period - Stopped by Carl Lindbom with a rebound.
3:58 of 1st period - Snap shot by Mikael Granlund.
3:58 of 1st period - Stopped by Carl Lindbom with a rebound.
4:00 of 1st period - Slapshot by Dmitry Kulikov.
4:00 of 1st period - Deflect By Dylan Strome.
4:00 of 1st period - Stopped by Carl Lindbom without a rebound.
4:01 of 1st period - Joseph Veleno wins face-off versus Nathan MacKinnon in Los Angeles Kings zone.
4:12 of 1st period - Wrist shot by Andrew Copp.
4:12 of 1st period - Stopped by Kevin Lankinen without a rebound.
4:13 of 1st period - Nathan MacKinnon wins face-off versus Seth Jarvis in New York Rangers zone.
4:20 of 1st period - Snap shot by Nathan MacKinnon.
4:20 of 1st period - Shot Hit the Post.
4:26 of 1st period - Jake Walman is hit by Andrei Svechnikov and loses puck.
4:50 of 1st period - Snap shot by Teuvo Teravainen.
4:50 of 1st period - Shot Misses the Net.
5:13 of 1st period - Backhand shot by Dylan Strome.
5:13 of 1st period - Stopped by Carl Lindbom with a rebound.
5:33 of 1st period - Wrist shot by Mikey Eyssimont.
5:33 of 1st period - Stopped by Kevin Lankinen without a rebound.
5:34 of 1st period - Seth Jarvis wins face-off versus Nathan MacKinnon in New York Rangers zone.
5:37 of 1st period - Snap shot by Seth Jarvis.
5:37 of 1st period - Stopped by Kevin Lankinen without a rebound.
5:38 of 1st period - Nathan MacKinnon wins face-off versus Seth Jarvis in New York Rangers zone.
5:38 of 1st period - Nathan MacKinnon is hit by Matthew Boldy.
6:44 of 1st period - Tyler Motte is hit by Jansen Harkins and loses puck.
6:51 of 1st period - Slapshot by Dmitry Kulikov.
6:51 of 1st period - Stopped by Carl Lindbom with a rebound.
7:11 of 1st period - Seth Jarvis is hit by Nathan MacKinnon and loses puck.
7:18 of 1st period - Adam Larsson is hit by Andrei Svechnikov and loses puck.
8:57 of 1st period - Wrist shot by Tyler Motte.
8:57 of 1st period - Shot Blocked by Owen Power.
9:22 of 1st period - Wrist shot by Logan Cooley.
9:22 of 1st period - Shot Misses the Net.
9:24 of 1st period - Snap shot by Logan Cooley.
9:24 of 1st period - Shot Misses the Net.
10:24 of 1st period - Wrist shot by Logan Cooley.
10:24 of 1st period - Shot Misses the Net.
10:26 of 1st period - Backhand shot by Charlie McAvoy.
10:26 of 1st period - Shot Blocked by Luke Schenn.
10:36 of 1st period - Joseph Veleno is hit by Nathan MacKinnon and loses puck.
10:55 of 1st period - Slapshot by Mikey Eyssimont.
10:55 of 1st period - Stopped by Kevin Lankinen without a rebound.
10:56 of 1st period - Dylan Strome wins face-off versus Matthew Boldy in New York Rangers zone.
10:58 of 1st period - Minor Penalty to Conor Garland for Tripping.
10:59 of 1st period - Seth Jarvis wins face-off versus Artemi Panarin in New York Rangers zone.
10:59 of 1st period - Snap shot by Matthew Boldy.
10:59 of 1st period - Shot Misses the Net.
11:01 of 1st period - Wrist shot by MacKenzie Weegar.
11:01 of 1st period - Shot Blocked by Jake Walman.
11:03 of 1st period - Snap shot by Seth Jarvis.
11:03 of 1st period - Goal by Seth Jarvis - Los Angeles Kings : 1 - New York Rangers : 0.
11:04 of 1st period - Seth Jarvis wins face-off versus Nathan MacKinnon in neutral zone.
11:11 of 1st period - Wrist shot by Matthew Boldy.
11:11 of 1st period - Stopped by Kevin Lankinen with a rebound.
11:13 of 1st period - Slapshot by Ryan Suter.
11:13 of 1st period - Stopped by Kevin Lankinen without a rebound.
11:14 of 1st period - Nathan MacKinnon wins face-off versus Seth Jarvis in New York Rangers zone.
11:19 of 1st period - Charlie McAvoy is hit by Adam Larsson and loses puck.
11:27 of 1st period - Ryan Suter is hit by Adam Larsson and loses puck.
11:30 of 1st period - Wrist shot by Seth Jarvis.
11:30 of 1st period - Shot Misses the Net.
11:32 of 1st period - Snap shot by Seth Jarvis.
11:32 of 1st period - Shot Misses the Net.
11:44 of 1st period - Snap shot by Andrei Svechnikov.
11:44 of 1st period - Stopped by Kevin Lankinen with a rebound.
11:46 of 1st period - Wrist shot by Seth Jarvis.
11:46 of 1st period - Deflect By Andrei Svechnikov.
11:46 of 1st period - Stopped by Kevin Lankinen with a rebound.
11:48 of 1st period - Snap shot by Andrei Svechnikov.
11:48 of 1st period - Stopped by Kevin Lankinen with a rebound.
11:50 of 1st period - Slapshot by Ryan Suter.
11:50 of 1st period - Stopped by Kevin Lankinen with a rebound.
11:52 of 1st period - Snap shot by Seth Jarvis.
11:52 of 1st period - Shot Misses the Net.
12:50 of 1st period - Snap shot by Matthew Boldy.
12:50 of 1st period - Stopped by Kevin Lankinen with a rebound.
12:52 of 1st period - Snap shot by Matthew Boldy.
12:52 of 1st period - Deflect By Seth Jarvis.
12:52 of 1st period - Stopped by Kevin Lankinen with a rebound.
12:54 of 1st period - Slapshot by Charlie McAvoy.
12:54 of 1st period - Deflect By Andrei Svechnikov.
12:54 of 1st period - Shot Blocked by Jake Walman.
12:54 of 1st period - Puck is out of play.
12:55 of 1st period - Dylan Strome wins face-off versus Joseph Veleno in New York Rangers zone.
12:57 of 1st period - Minor Penalty to Conor Garland for Holding.
12:58 of 1st period - Andrei Kuzmenko wins face-off versus Mikael Granlund in New York Rangers zone.
13:36 of 1st period - Snap shot by Andrei Kuzmenko.
13:36 of 1st period - Shot Misses the Net.
13:54 of 1st period - Snap shot by Logan Cooley.
13:54 of 1st period - Goal by Logan Cooley - Los Angeles Kings : 2 - New York Rangers : 0.
13:55 of 1st period - Mikey Eyssimont wins face-off versus Teuvo Teravainen in neutral zone.
14:08 of 1st period - Backhand shot by Mikey Eyssimont.
14:08 of 1st period - Stopped by Kevin Lankinen without a rebound.
14:09 of 1st period - Dylan Strome wins face-off versus Joseph Veleno in New York Rangers zone.
14:34 of 1st period - MacKenzie Weegar is hit by Timo Meier.
15:41 of 1st period - Wrist shot by Andrew Copp.
15:41 of 1st period - Shot Blocked by Luke Schenn.
15:43 of 1st period - Snap shot by Joseph Veleno.
15:43 of 1st period - Stopped by Kevin Lankinen without a rebound.
15:44 of 1st period - Andrew Copp wins face-off versus Dylan Strome in New York Rangers zone.
15:56 of 1st period - Wrist shot by Andrew Copp.
15:56 of 1st period - Stopped by Kevin Lankinen with a rebound.
15:58 of 1st period - Wrist shot by Andrew Copp.
15:58 of 1st period - Shot Misses the Net.
16:04 of 1st period - Snap shot by Logan Cooley.
16:04 of 1st period - Stopped by Kevin Lankinen with a rebound.
16:28 of 1st period - Wrist shot by Logan Cooley.
16:28 of 1st period - Stopped by Kevin Lankinen without a rebound.
16:29 of 1st period - Nathan MacKinnon wins face-off versus Jansen Harkins in New York Rangers zone.
16:38 of 1st period - Luke Schenn is hit by Jansen Harkins and loses puck.
17:03 of 1st period - Seth Jarvis is hit by Marcus Foligno and loses puck.
17:39 of 1st period - Off-side.
17:40 of 1st period - Mikael Granlund wins face-off versus Joseph Veleno in neutral zone.
18:32 of 1st period - Snap shot by Teuvo Teravainen.
18:32 of 1st period - Shot Blocked by Charlie McAvoy.
18:34 of 1st period - Wrist shot by Adam Larsson.
18:34 of 1st period - Stopped by Carl Lindbom with a rebound.
18:36 of 1st period - Snap shot by Teuvo Teravainen.
18:36 of 1st period - Stopped by Carl Lindbom with a rebound.
19:14 of 1st period - Snap shot by Logan Cooley.
19:14 of 1st period - Stopped by Kevin Lankinen without a rebound.
19:15 of 1st period - Jansen Harkins wins face-off versus Nathan MacKinnon in New York Rangers zone.
19:16 of 1st period - Snap shot by Andrei Kuzmenko.
19:16 of 1st period - Shot Misses the Net.
19:31 of 1st period - Off-side.
19:32 of 1st period - Dylan Strome wins face-off versus Joseph Veleno in neutral zone.
19:35 of 1st period - Logan Cooley is hit by Mikael Granlund and loses puck.
19:42 of 1st period - Snap shot by Dylan Strome.
19:42 of 1st period - Shot Blocked by Logan Cooley.
19:44 of 1st period - Wrist shot by Mikael Granlund.
19:44 of 1st period - Stopped by Carl Lindbom without a rebound.
19:45 of 1st period - Nathan MacKinnon wins face-off versus Jansen Harkins in Los Angeles Kings zone.
Goals for this period are 2 for Los Angeles Kings vs 0 for New York Rangers.
Shots for this period are 21 for Los Angeles Kings vs 12 for New York Rangers.

2nd period


0:01 of 2nd period - Dylan Strome wins face-off versus Joseph Veleno in neutral zone.
0:03 of 2nd period - Off-side.
0:04 of 2nd period - Dylan Strome wins face-off versus Logan Cooley in neutral zone.
0:15 of 2nd period - Snap shot by Conor Garland.
0:15 of 2nd period - Shot Misses the Net.
0:17 of 2nd period - Slapshot by Olli Maatta.
0:17 of 2nd period - Deflect By Dylan Strome.
0:17 of 2nd period - Shot Misses the Net.
0:17 of 2nd period - Puck is out of play.
0:18 of 2nd period - Marcus Foligno wins face-off versus Jansen Harkins in Los Angeles Kings zone.
0:29 of 2nd period - Snap shot by Timo Meier.
0:29 of 2nd period - Shot Misses the Net.
0:31 of 2nd period - Slapshot by Dmitry Kulikov.
0:31 of 2nd period - Shot Misses the Net.
0:33 of 2nd period - Slapshot by Cam Fowler.
0:33 of 2nd period - Deflect By Timo Meier.
0:33 of 2nd period - Shot Misses the Net.
0:33 of 2nd period - Puck is out of play.
0:34 of 2nd period - Joseph Veleno wins face-off versus Artemi Panarin in Los Angeles Kings zone.
1:12 of 2nd period - Snap shot by Matthew Boldy.
1:12 of 2nd period - Goal by Matthew Boldy - Los Angeles Kings : 3 - New York Rangers : 0.
1:13 of 2nd period - Teuvo Teravainen wins face-off versus Jansen Harkins in neutral zone.
1:34 of 2nd period - Ryan Suter is hit by Marcus Foligno and loses puck.
1:41 of 2nd period - Jake Walman is hit by Charlie McAvoy.
1:45 of 2nd period - Snap shot by Teuvo Teravainen.
1:45 of 2nd period - Shot Misses the Net.
2:30 of 2nd period - Wrist shot by Jake Walman.
2:30 of 2nd period - Shot Blocked by Charlie McAvoy.
2:36 of 2nd period - Jansen Harkins is hit by Timo Meier and loses puck.
3:30 of 2nd period - Slapshot by Andrei Kuzmenko.
3:30 of 2nd period - Shot Blocked by Jake Walman.
3:36 of 2nd period - Wrist shot by Jansen Harkins.
3:36 of 2nd period - Stopped by Kevin Lankinen without a rebound.
3:37 of 2nd period - Nathan MacKinnon wins face-off versus Joseph Veleno in New York Rangers zone.
3:37 of 2nd period - Nathan MacKinnon is hit by Joseph Veleno.
3:48 of 2nd period - Off-side.
3:49 of 2nd period - Andrew Copp wins face-off versus Cole Caufield in neutral zone.
4:16 of 2nd period - Mikael Granlund is hit by Alex Gallant and loses puck.
4:41 of 2nd period - Snap shot by Eric Robinson.
4:41 of 2nd period - Shot Misses the Net.
4:43 of 2nd period - Slapshot by Dmitry Kulikov.
4:43 of 2nd period - Shot Misses the Net.
4:45 of 2nd period - Wrist shot by Tyler Motte.
4:45 of 2nd period - Shot Misses the Net.
4:47 of 2nd period - Snap shot by Tyler Motte.
4:47 of 2nd period - Stopped by Carl Lindbom with a rebound.
4:49 of 2nd period - Wrist shot by Luke Schenn.
4:49 of 2nd period - Shot Misses the Net.
5:29 of 2nd period - Noel Acciari is hit by Cooper Marody and loses puck.
6:01 of 2nd period - Snap shot by Dylan Strome.
6:01 of 2nd period - Stopped by Carl Lindbom without a rebound.
6:02 of 2nd period - Dylan Strome wins face-off versus Joseph Veleno in Los Angeles Kings zone.
6:03 of 2nd period - Wrist shot by Mikael Granlund.
6:03 of 2nd period - Stopped by Carl Lindbom with a rebound.
7:38 of 2nd period - Icing by Andrew Copp.
7:39 of 2nd period - Andrew Copp wins face-off versus Noel Acciari in Los Angeles Kings zone.
7:50 of 2nd period - Snap shot by Logan Cooley.
7:50 of 2nd period - Deflect By Andrew Copp.
7:50 of 2nd period - Stopped by Kevin Lankinen without a rebound.
7:51 of 2nd period - Nathan MacKinnon wins face-off versus Seth Jarvis in New York Rangers zone.
7:51 of 2nd period - Nathan MacKinnon is hit by Matthew Boldy.
8:07 of 2nd period - Slapshot by Nathan MacKinnon.
8:07 of 2nd period - Shot Blocked by Andrei Svechnikov.
9:56 of 2nd period - Icing by Jake Walman.
9:57 of 2nd period - Mikael Granlund wins face-off versus Joseph Veleno in New York Rangers zone.
10:11 of 2nd period - Slapshot by Mikael Granlund.
10:11 of 2nd period - Stopped by Carl Lindbom with a rebound.
10:13 of 2nd period - Slapshot by Jake Walman.
10:13 of 2nd period - Deflect By Mikael Granlund.
10:13 of 2nd period - Shot Misses the Net.
10:13 of 2nd period - Puck is out of play.
10:14 of 2nd period - Nathan MacKinnon wins face-off versus Seth Jarvis in Los Angeles Kings zone.
11:08 of 2nd period - Backhand shot by Andrei Kuzmenko.
11:08 of 2nd period - Stopped by Kevin Lankinen without a rebound.
11:09 of 2nd period - Teuvo Teravainen wins face-off versus Mikey Eyssimont in New York Rangers zone.
13:36 of 2nd period - Wrist shot by Conor Garland.
13:36 of 2nd period - Stopped by Carl Lindbom with a rebound.
14:08 of 2nd period - Nathan MacKinnon is hit by Mikey Eyssimont and loses puck.
14:29 of 2nd period - Seth Jarvis is hit by Dmitry Kulikov and loses puck.
15:01 of 2nd period - Joseph Veleno is hit by Conor Garland and loses puck.
15:15 of 2nd period - Logan Cooley is hit by Mikael Granlund and loses puck.
15:28 of 2nd period - Snap shot by Dylan Strome.
15:28 of 2nd period - Goal by Dylan Strome - Los Angeles Kings : 3 - New York Rangers : 1.
15:29 of 2nd period - Nathan MacKinnon wins face-off versus Seth Jarvis in neutral zone.
15:42 of 2nd period - Wrist shot by Andrei Svechnikov.
15:42 of 2nd period - Deflect By Nathan MacKinnon.
15:42 of 2nd period - Shot Misses the Net.
15:42 of 2nd period - Puck is out of play.
15:43 of 2nd period - Nathan MacKinnon wins face-off versus Jansen Harkins in New York Rangers zone.
15:43 of 2nd period - Nathan MacKinnon is hit by Andrei Kuzmenko.
16:27 of 2nd period - Icing by Seth Jarvis.
16:28 of 2nd period - Seth Jarvis wins face-off versus Teuvo Teravainen in Los Angeles Kings zone.
16:28 of 2nd period - Seth Jarvis is hit by Marcus Foligno.
16:36 of 2nd period - Wrist shot by Matthew Boldy.
16:36 of 2nd period - Shot Misses the Net.
16:38 of 2nd period - Snap shot by Seth Jarvis.
16:38 of 2nd period - Shot Misses the Net.
16:40 of 2nd period - Snap shot by Owen Power.
16:40 of 2nd period - Shot Misses the Net.
16:42 of 2nd period - Backhand shot by Owen Power.
16:42 of 2nd period - Shot Blocked by Cam Fowler.
16:44 of 2nd period - Wrist shot by Seth Jarvis.
16:44 of 2nd period - Stopped by Kevin Lankinen with a rebound.
16:46 of 2nd period - Wrist shot by Matthew Boldy.
16:46 of 2nd period - Stopped by Kevin Lankinen with a rebound.
16:48 of 2nd period - Slapshot by Owen Power.
16:48 of 2nd period - Stopped by Kevin Lankinen without a rebound.
16:49 of 2nd period - Logan Cooley wins face-off versus Nathan MacKinnon in New York Rangers zone.
17:01 of 2nd period - Icing by Cole Caufield.
17:02 of 2nd period - Nathan MacKinnon wins face-off versus Joseph Veleno in New York Rangers zone.
17:07 of 2nd period - Wrist shot by Nathan MacKinnon.
17:07 of 2nd period - Stopped by Carl Lindbom with a rebound.
17:09 of 2nd period - Minor Penalty to Ryan Suter for Holding.
17:10 of 2nd period - Matthew Boldy wins face-off versus Nathan MacKinnon in Los Angeles Kings zone.
17:10 of 2nd period - Matthew Boldy is hit by Cole Caufield.
17:47 of 2nd period - Wrist shot by Seth Jarvis.
17:47 of 2nd period - Shot Misses the Net.
17:49 of 2nd period - Minor Penalty to Jake Walman for Tripping.
17:50 of 2nd period - Matthew Boldy wins face-off versus Artemi Panarin in New York Rangers zone.
19:09 of 2nd period - Penalty to Ryan Suter is over, Ryan Suter is back on ice.
19:24 of 2nd period - Marcus Foligno is hit by MacKenzie Weegar and loses puck.
19:43 of 2nd period - Snap shot by Matthew Boldy.
19:43 of 2nd period - Shot Blocked by Dmitry Kulikov.
19:49 of 2nd period - Penalty to Jake Walman is over, Jake Walman is back on ice.
19:55 of 2nd period - Wrist shot by Andrei Kuzmenko.
19:55 of 2nd period - Shot Blocked by Dmitry Kulikov.
19:57 of 2nd period - Snap shot by MacKenzie Weegar.
19:57 of 2nd period - Shot Misses the Net.
19:59 of 2nd period - Slapshot by Ryan Suter.
19:59 of 2nd period - Stopped by Kevin Lankinen with a rebound.
Goals for this period are 1 for Los Angeles Kings vs 1 for New York Rangers.
Shots for this period are 8 for Los Angeles Kings vs 7 for New York Rangers.

3rd period


0:01 of 3rd period - Nathan MacKinnon wins face-off versus Andrew Copp in neutral zone.
0:04 of 3rd period - Snap shot by Artemi Panarin.
0:04 of 3rd period - Goal by Artemi Panarin - Los Angeles Kings : 3 - New York Rangers : 2.
0:05 of 3rd period - Nathan MacKinnon wins face-off versus Jansen Harkins in neutral zone.
0:16 of 3rd period - Snap shot by Andrei Kuzmenko.
0:16 of 3rd period - Stopped by Kevin Lankinen with a rebound.
0:18 of 3rd period - Slapshot by MacKenzie Weegar.
0:18 of 3rd period - Shot Misses the Net.
0:20 of 3rd period - Snap shot by Andrei Kuzmenko.
0:20 of 3rd period - Stopped by Kevin Lankinen without a rebound.
0:21 of 3rd period - Joseph Veleno wins face-off versus Dylan Strome in New York Rangers zone.
0:33 of 3rd period - Minor Penalty to Charlie McAvoy for Interference.
0:34 of 3rd period - Nathan MacKinnon wins face-off versus Andrei Svechnikov in Los Angeles Kings zone.
1:48 of 3rd period - Matthew Boldy is hit by Dylan Strome.
2:33 of 3rd period - Penalty to Charlie McAvoy is over, Charlie McAvoy is back on ice.
3:12 of 3rd period - Dmitry Kulikov is hit by Drew Helleson and loses puck.
3:27 of 3rd period - Backhand shot by Eric Robinson.
3:27 of 3rd period - Shot Misses the Net.
4:07 of 3rd period - Marcus Foligno is hit by Cooper Marody and loses puck.
4:38 of 3rd period - Dylan Strome is hit by Andrew Copp and loses puck.
4:51 of 3rd period - Nathan MacKinnon is hit by MacKenzie Weegar and loses puck.
5:21 of 3rd period - Nathan MacKinnon is hit by Mikey Eyssimont.
5:25 of 3rd period - Cooper Marody is hit by Artemi Panarin and loses puck.
5:55 of 3rd period - Owen Power is hit by Cole Caufield and loses puck.
7:18 of 3rd period - Wrist shot by Cole Caufield.
7:18 of 3rd period - Shot Misses the Net.
7:20 of 3rd period - Backhand shot by Dmitry Kulikov.
7:20 of 3rd period - Stopped by Carl Lindbom with a rebound.
7:22 of 3rd period - Slapshot by Artemi Panarin.
7:22 of 3rd period - Goal by Artemi Panarin - Los Angeles Kings : 3 - New York Rangers : 3.
7:23 of 3rd period - Joseph Veleno wins face-off versus Dylan Strome in neutral zone.
7:36 of 3rd period - Snap shot by Mikael Granlund.
7:36 of 3rd period - Goal by Mikael Granlund - Los Angeles Kings : 3 - New York Rangers : 4.
7:37 of 3rd period - Matthew Boldy wins face-off versus Dylan Strome in neutral zone.
7:42 of 3rd period - Slapshot by Seth Jarvis.
7:42 of 3rd period - Stopped by Kevin Lankinen without a rebound.
7:43 of 3rd period - Dylan Strome wins face-off versus Seth Jarvis in New York Rangers zone.
7:52 of 3rd period - Snap shot by Matthew Boldy.
7:52 of 3rd period - Stopped by Kevin Lankinen with a rebound.
8:14 of 3rd period - Slapshot by Charlie McAvoy.
8:14 of 3rd period - Stopped by Kevin Lankinen without a rebound.
8:14 of 3rd period - Minor Penalty to Kevin Lankinen for Delaying the game.
8:15 of 3rd period - Mikael Granlund wins face-off versus Seth Jarvis in New York Rangers zone.
10:14 of 3rd period - Penalty to Adam Larsson is over, Adam Larsson is back on ice.
10:17 of 3rd period - Marcus Foligno is hit by Matthew Boldy and loses puck.
10:28 of 3rd period - Mikey Eyssimont is hit by Eric Robinson and loses puck.
10:42 of 3rd period - Mikey Eyssimont is hit by Tyler Motte and loses puck.
11:11 of 3rd period - Snap shot by Owen Power.
11:11 of 3rd period - Deflect By Noel Acciari.
11:11 of 3rd period - Stopped by Kevin Lankinen with a rebound.
11:21 of 3rd period - Wrist shot by Mikey Eyssimont.
11:21 of 3rd period - Shot Blocked by Jake Walman.
11:23 of 3rd period - Snap shot by Mikey Eyssimont.
11:23 of 3rd period - Stopped by Kevin Lankinen with a rebound.
11:25 of 3rd period - Wrist shot by Mikey Eyssimont.
11:25 of 3rd period - Shot Blocked by Jake Walman.
11:29 of 3rd period - Wrist shot by Mikey Eyssimont.
11:29 of 3rd period - Shot Misses the Net.
11:31 of 3rd period - Snap shot by Mikey Eyssimont.
11:31 of 3rd period - Shot Blocked by Adam Larsson.
11:33 of 3rd period - Slapshot by Owen Power.
11:33 of 3rd period - Stopped by Kevin Lankinen without a rebound.
11:34 of 3rd period - Dylan Strome wins face-off versus Joseph Veleno in New York Rangers zone.
11:49 of 3rd period - Snap shot by Conor Garland.
11:49 of 3rd period - Stopped by Carl Lindbom with a rebound.
11:51 of 3rd period - Snap shot by Luke Schenn.
11:51 of 3rd period - Shot Misses the Net.
11:58 of 3rd period - Icing by MacKenzie Weegar.
11:59 of 3rd period - Nathan MacKinnon wins face-off versus Logan Cooley in Los Angeles Kings zone.
12:20 of 3rd period - Logan Cooley is hit by Nathan MacKinnon.
12:36 of 3rd period - Slapshot by Drew Helleson.
12:36 of 3rd period - Shot Misses the Net.
12:38 of 3rd period - Slapshot by Drew Helleson.
12:38 of 3rd period - Shot Misses the Net.
12:40 of 3rd period - Snap shot by Andrew Copp.
12:40 of 3rd period - Stopped by Kevin Lankinen with a rebound.
12:42 of 3rd period - Slapshot by MacKenzie Weegar.
12:42 of 3rd period - Shot Blocked by Dmitry Kulikov.
12:44 of 3rd period - Slapshot by MacKenzie Weegar.
12:44 of 3rd period - Shot Blocked by Cam Fowler.
12:46 of 3rd period - Wrist shot by Logan Cooley.
12:46 of 3rd period - Stopped by Kevin Lankinen without a rebound.
12:47 of 3rd period - Seth Jarvis wins face-off versus Teuvo Teravainen in New York Rangers zone.
13:04 of 3rd period - Teuvo Teravainen is hit by Owen Power and loses puck.
13:32 of 3rd period - Olli Maatta is hit by Vitali Kravtsov.
13:48 of 3rd period - Slapshot by Charlie McAvoy.
13:48 of 3rd period - Shot Misses the Net.
14:02 of 3rd period - Matthew Boldy is hit by Noel Acciari and loses puck.
14:49 of 3rd period - Wrist shot by Cole Caufield.
14:49 of 3rd period - Stopped by Carl Lindbom with a rebound.
14:51 of 3rd period - Slapshot by Cam Fowler.
14:51 of 3rd period - Deflect By MacKenzie Weegar.
14:51 of 3rd period - Stopped by Carl Lindbom with a rebound.
14:53 of 3rd period - Snap shot by Cole Caufield.
14:53 of 3rd period - Shot Blocked by MacKenzie Weegar.
14:55 of 3rd period - Snap shot by Cole Caufield.
14:55 of 3rd period - Shot Misses the Net.
15:09 of 3rd period - Olli Maatta is hit by Joseph Veleno and loses puck.
15:20 of 3rd period - Owen Power is hit by Noel Acciari and loses puck.
15:49 of 3rd period - Joseph Veleno is hit by Tyler Motte and loses puck.
16:00 of 3rd period - Slapshot by Jake Walman.
16:00 of 3rd period - Deflect By Charlie McAvoy.
16:00 of 3rd period - Stopped by Carl Lindbom with a rebound.
16:02 of 3rd period - Slapshot by Eric Robinson.
16:02 of 3rd period - Stopped by Carl Lindbom without a rebound.
16:03 of 3rd period - Jansen Harkins wins face-off versus Timo Meier in Los Angeles Kings zone.
16:03 of 3rd period - Jansen Harkins is hit by Cam Fowler.
16:11 of 3rd period - Slapshot by Jansen Harkins.
16:11 of 3rd period - Stopped by Kevin Lankinen with a rebound.
17:00 of 3rd period - Alex Gallant is hit by Dylan Strome and loses puck.
17:31 of 3rd period - Cole Caufield is hit by Joseph Veleno and loses puck.
17:54 of 3rd period - Slapshot by Teuvo Teravainen.
17:54 of 3rd period - Deflect By Andrei Kuzmenko.
17:54 of 3rd period - Shot Misses the Net.
17:54 of 3rd period - Puck is out of play.
17:55 of 3rd period - Dylan Strome wins face-off versus Jansen Harkins in Los Angeles Kings zone.
18:27 of 3rd period - Andrei Svechnikov is hit by Timo Meier and loses puck.
18:42 of 3rd period - Logan Cooley is hit by Olli Maatta.
18:47 of 3rd period - Los Angeles Kings, Carl Lindbom is pulled from the net.
19:03 of 3rd period - Slapshot by Mikael Granlund.
19:03 of 3rd period - Shot Misses the Net.
19:13 of 3rd period - Olli Maatta is hit by Andrei Svechnikov and loses puck.
19:18 of 3rd period - Snap shot by Seth Jarvis.
19:18 of 3rd period - Stopped by Kevin Lankinen with a rebound.
19:20 of 3rd period - Wrist shot by Andrei Svechnikov.
19:20 of 3rd period - Stopped by Kevin Lankinen without a rebound.
19:21 of 3rd period - Benoit Groulx call a timeout for Los Angeles Kings.
19:21 of 3rd period - Seth Jarvis wins face-off versus Noel Acciari in New York Rangers zone.
19:52 of 3rd period - Wrist shot by Seth Jarvis.
19:52 of 3rd period - Stopped by Kevin Lankinen without a rebound.
19:53 of 3rd period - Noel Acciari wins face-off versus Seth Jarvis in New York Rangers zone.
Goals for this period are 0 for Los Angeles Kings vs 3 for New York Rangers.
Shots for this period are 14 for Los Angeles Kings vs 9 for New York Rangers.